 Dungeon Crawl Stone Soup version 0.31-a0-128-g25add195a6 (webtiles) character file.

Game seed: 12203823899499468161

357 jasper the Stinger (level 6, -10/28 HPs)
             Began as a Spriggan Venom Mage on June 1, 2023.
             Mangled by a black bear (12 damage)
             ... on level 4 of the Dungeon.
             The game lasted 00:08:50 (4062 turns).

jasper the Stinger (Spriggan Venom Mage)            Turns: 4062, Time: 00:08:50

Health: -10/28     AC:  4    Str:  4    XL:     6   Next: 37%
Magic:  4/11       EV: 17    Int: 25    God:
Gold:   77         SH:  0    Dex: 15    Spells: 0/10 levels left

rFire   + . .        n - +2 flail (holy)
rCold   . . .        (no shield)
rNeg    . . .        l - +2 robe {rF+}
rPois   .            (helmet restricted)
rElec   .            (no cloak)
rCorr   .            (gloves unavailable)
SInv    +            (boots unavailable)
Will    +....        (no amulet)
Stlth   ++           i - +6 ring of intelligence
HPRegen 0.24/turn    (no ring)
MPRegen 0.12/turn

%: no passive effects
@: very quick
A: very small, no large weapons, unfitting armour, see invisible, speed 3
a: no special abilities


You were on level 4 of the Dungeon.
You visited 1 branch of the dungeon, and saw 4 of its levels.

You collected 111 gold pieces.
You spent 34 gold pieces at shops.

Inventory:

Hand Weapons
 c - a +0 hand axe
 h - a +0 short sword
 n - a +2 flail of holy wrath (weapon)
Missiles
 o - 3 curare-tipped darts
Armour
 a - a +0 robe
 l - a +2 robe of fire resistance (worn)
Jewellery
 i - a +6 ring of intelligence (left hand)
 m - an amulet of faith
Scrolls
 e - 2 scrolls of fear
Potions
 b - 2 potions of magic
 d - a potion of might
 g - 2 potions of degeneration
 j - a potion of enlightenment {unknown}


   Skills:
 + Level 0.0 Fighting
 + Level 2.7 Dodging
 + Level 3.0 Stealth
 - Level 2.6 Spellcasting
 - Level 1.7 Conjurations
 - Level 1.3 Transmutations
 - Level 2.1 Air Magic
 - Level 6.1 Poison Magic


You couldn't memorise any spells.
You knew the following spells:

 Your Spells              Type           Power      Damage    Failure   Level
a - Sting                 Tmut/Pois      88%        1d7       2%          1
b - Poisonous Vapours     Pois/Air       48%        N/A       3%          2
c - Mephitic Cloud        Conj/Pois/Air  20%        N/A       8%          3
d - Olgreb's Toxic Radia  Pois           33%        N/A       9%          4

Your spell library contained the following spells:

 Spells                   Type           Power      Damage    Failure   Level
 Spider Form              Tmut/Pois      22%        N/A       7%          3
 Ensorcelled Hibernation  Hex/Ice        6%         N/A       16%         2
 Anguish                  Hex/Necr       1%         N/A       71%         4


Dungeon Overview and Level Annotations

Branches:
Dungeon (4/15)
 Temple: D:4-7

Altars:
Dithmenos
Trog

Shops:
D:2 =   D:3 *[

Annotations:
D:4 Robin


Innate Abilities, Weirdness & Mutations

You are very small and have problems with some larger weapons.
You are too small for most types of armour.
You have supernaturally acute eyesight. (SInv)
You cover ground extremely quickly. (Speed+++)


Message History

Aim: a black bear (severely wounded, berserk, very poisoned) Poisonous vapours surround the black bear!
The black bear looks even sicker.
The black bear closely misses you.
The black bear claws you but does no damage.
The black bear claws you.
You take 6 damage, and have 13/28 hp.
MASSIVE DAMAGE!!
You now have 3/11 mp.
You hear a shout! 2 goblins come into view.
The goblin shouts!
You hear a shout! x2
The black bear rages.
A hobgoblin comes into view.
The goblin moves out of view.
You hear a shout!
You hear a shout!
The black bear rages.
You hit the goblin.
You kill the goblin!
The black bear bites you. The black bear closely misses you.
The black bear claws you.
* * * LOW HITPOINT WARNING * * *
Robin of the Strong Arm comes into view.
They are wielding a +0 whip.
The jackal closely misses you. The black bear bites you!
* * * LOW HITPOINT WARNING * * *
The black bear claws you but does no damage. x2
You take 13 damage, and have 1/28 hp.
MASSIVE DAMAGE!!
Okay, then.
You feel better. The jackal bites you. The black bear closely misses you.
The black bear claws you.
* * * LOW HITPOINT WARNING * * *
The black bear claws you.
* * * LOW HITPOINT WARNING * * *
Robin says, "Bow before me, strongest of all the hobgoblins!"
The jackal misses you.
As you read the scroll of fear, it crumbles to dust.
You assume a fearsome visage.
Robin looks frightened!
The hobgoblin looks frightened!
The ball python looks frightened!
The jackal looks frightened! x2; The black bear is unaffected.
The black bear barely misses you. The black bear closely misses you.
The black bear barely misses you. The black bear bites you!
You die... .# .# .# #.## ######...#### #.@h.hS...... #)###<...### #hg

#.#.##
..g. #.# #
.##..(.$.#
#.
.....#.#$
# ###. ..
## ....<.
## ....


You could see a black bear (berserk, very poisoned), Robin (fleeing), 2 jackals,
a hobgoblin (fleeing) and a ball python (fleeing).

Vanquished Creatures
  Sigmund (D:3)
  Jessica (D:3)
  2 orc wizards (D:3)
  4 gnolls (D:2)
  2 adders
  2 worms (D:3)
  5 orcs (D:3)
  5 ball pythons
  3 bats
  3 endoplasms
  2 giant cockroaches
  8 goblins
  4 hobgoblins
  5 jackals
  4 quokkas
  5 frilled lizards
  7 kobolds
  4 rats
67 creatures vanquished.

Notes
Turn   | Place    | Note
-------+----------+-------------------------------------------
     0 | D:1      | jasper the Spriggan Venom Mage began the quest for the Orb.
     0 | D:1      | Reached XP level 1. HP: 9/9 MP: 5/5
   307 | D:1      | Reached XP level 2. HP: 13/13 MP: 2/6
   463 | D:1      | Learned a level 2 spell: Poisonous Vapours
   883 | D:1      | Reached skill level 4 in Poison Magic
  1263 | D:2      | Found Hojojar's Jewellery Emporium.
  1468 | D:2      | Reached XP level 3. HP: 9/16 MP: 4/8
  1472 | D:2      | Learned a level 3 spell: Mephitic Cloud
  1814 | D:2      | Found a shadowy altar of Dithmenos.
  1837 | D:2      | Found a faded altar of an unknown god.
  1944 | D:2      | Reached skill level 5 in Poison Magic
  1944 | D:2      | Reached XP level 4. HP: 21/21 MP: 0/9
  2547 | D:3      | Found Gyodyse's Armour Emporium.
  2617 | D:3      | Noticed Jessica
  2631 | D:3      | Killed Jessica
  2632 | D:3      | Reached XP level 5. HP: 14/24 MP: 0/10
  2780 | D:3      | Reached skill level 6 in Poison Magic
  3383 | D:3      | Found a bloodstained altar of Trog.
  3452 | D:3      | Noticed Sigmund
  3470 | D:3      | Killed Sigmund
  3471 | D:3      | Reached skill level 1 in Conjurations
  3471 | D:3      | Reached XP level 6. HP: 5/28 MP: 3/11
  3476 | D:3      | Learned a level 4 spell: Olgreb's Toxic Radiance
  3869 | D:3      | Found Ilen Mof's Assorted Antiques.
  3877 | D:3      | Bought a scroll labelled JYISIP GYGYM for 18 gold pieces
  3877 | D:3      | Bought a lumpy cyan potion for 16 gold pieces
  4060 | D:4      | Noticed Robin
  4060 | D:4      | HP: 1/28 [black bear (7)]
  4062 | D:4      | Mangled by a black bear

Illustrated notes

Levels and vault maps discovered:
D:1:      kennysheep_arrival_forest, layout_basic, serial_corexii_hall,
          corexii_hall_statues_deadend, corexii_hall_statues_t
D:2:      layout_basic, basic_altar, basic_ecumenical_altar, serial_shops, shop,
          minivault_24
D:3:      layout_loops_ring, trog_book, serial_shops, shop_fountains, shop,
          chequers_mini_garden, minmay_unequal, uniq_sigmund, uniq_jessica
D:4:      layout_loops_ring, mainiacjoe_overflow_big_doors, chequers_arboretum,
          minmay_misc_feat_nine_boxes, uniq_robin

Skill      XL: |  1  2  3  4  5 |
---------------+----------------+-----
Poison Magic   | 4 5 6 |  6.1
Conjurations   | 1 |  1.7
Air Magic      | 2 |  2.1
Dodging        | |  2.7
Stealth        | |  3.0
Spellcasting   | |  2.6
Transmutations | |  1.3

Action                     |  1- 3 |  4- 6 || total
---------------------------+-------+-------++-------
  Melee: Unarmed           |     1 |       ||     1
         Short sword       |     1 |    20 ||    21
         Flail             |       |     6 ||     6
   Cast: Sting             |    49 |    53 ||   102
         Poisonous Vapours |    21 |    30 ||    51
    Use: Scroll            |       |    12 ||    12
         Potion            |       |     4 ||     4
 Armour: Robe              |     5 |     4 ||     9
  Dodge: Dodged            |    17 |    38 ||    55

Table legend: (Time is in decaauts)
 A = Elapsed time spent in this place.
 B = Non-inter-level travel time spent in this place.
 C = Inter-level travel time spent in this place.
 D = Time resting spent in this place.
 E = Time spent auto-exploring this place.
 F = Levels seen in this place.
 G = Mean time per level.
                   A        B        C        D        E       F      G
               +--------+--------+--------+--------+--------+-----+--------+
         Total |   3188 |   3134 |     54 |     57 |   2572 |   4 |  797.0 |
       Dungeon |   3188 |   3134 |     54 |     57 |   2572 |   4 |  797.0 |
               +--------+--------+--------+--------+--------+-----+--------+

Top non-repeatable levels by time:
     D:3: 1348 daAuts
     D:1: 932 daAuts
     D:2: 886 daAuts
     D:4: 20 daAuts
